 Dungeon Crawl Stone Soup version 0.16-a0-2461-ge8ce426 (webtiles) character file.

12792 inc the Devastator (level 11, -1/64 HPs)
             Began as a Gargoyle Conjurer on Nov 19, 2014.
             Was a High Priest of Ru.
             Slain by a killer bee (4 damage)
             ... on level 12 of the Dungeon.
             The game lasted 00:52:00 (19352 turns).

inc the Devastator (Gargoyle Conjurer)             Turns: 19352, Time: 00:52:02

Health: -1/64      AC: 13    Str: 14    XL:     11   Next: 98%
Magic:  3/28       EV: 11    Int: 19    God:    Ru [*****.]
Gold:   762        SH:  0    Dex: 10    Spells: 4 memorised, 15 levels left

rFire  + . .     SeeInvis .     O - +7 war axe "Hauduy" {chop, rF+}
rCold  . . .     Clarity  .     u - +0 robe
rNeg   + . .     SustAb   .     (shield unavailable)
rPois  +         Gourm    .     N - +0 helmet
rElec  +         Spirit   .     q - +0 cloak
rCorr  .         Warding  .     (no gloves)
rMut   .         Stasis   .     H - +1 pair of boots
MR     .....                    (no amulet)
Stlth  +.........               W - +2 ring of strength
                                (ring unavailable)

@: exhausted, no potions, drained, not resistant to hostile enchantments, very
unstealthy
A: negative energy resistance 1, electricity resistance, unbreathing,
petrification resistance, rot immunity, inability to drink while threatened,
missing a hand, inability to train armour, AC +7
a: Draw Out Power, Power Leap, Apocalypse, Renounce Religion


You were on level 12 of the Dungeon.
You worshipped Ru.
Ru was extremely pleased with you.
You were not hungry.

You visited 2 branches of the dungeon, and saw 13 of its levels.

You collected 762 gold pieces.

Inventory:

Hand weapons
 g - a cursed +0 club
 k - a +0 whip
 t - a +0 spear
 D - a +1 mace of holy wrath
 F - the +3 war axe of Ynurhog {vamp, Str+3}
   (You found it on level 5 of the Dungeon)

   It inflicts no extra harm, but heals its wielder somewhat when it strikes a
   living foe.
   It affects your strength (+3).
 O - the +7 war axe "Hauduy" (weapon) {chop, rF+}
   (You found it on level 7 of the Dungeon)

   It inflicts extra damage upon your enemies.
   It protects you from fire.
Missiles
 r - a throwing net (quivered)
Armour
 m - a +0 leather armour
 q - a +0 cloak (worn)
 u - a +0 robe (worn)
 H - a +1 pair of boots (worn)
 N - a +0 helmet (worn)
Jewellery
 a - an uncursed ring of fire
 W - a +2 ring of strength (right hand)
Magical devices
 x - a wand of confusion (37)
 I - a wand of magic darts (14)
 L - a wand of slowing (17)
 S - a wand of teleportation (4)
Scrolls
 d - 3 scrolls of random uselessness {unknown}
 e - a scroll of blinking {unknown}
 i - 3 scrolls of fear {unknown}
 n - 2 scrolls of immolation
 o - 8 scrolls of identify
 p - 5 scrolls of remove curse
 s - 6 scrolls of recharging
 v - 2 scrolls of amnesia {unknown}
 y - 2 scrolls of fog {unknown}
 K - a scroll of enchant weapon {unknown}
 U - a scroll of noise {unknown}
Potions
 l - a potion of flight
 w - 2 potions of brilliance
 z - 2 potions of restore abilities
 B - 4 potions of curing
 C - 5 potions of heal wounds
 G - a potion of agility
 J - a potion of berserk rage
 P - a potion of magic
 R - a potion of haste {unknown}
Books
 c - a book of Conjurations

   Spells                             Type                      Level
   *Magic Dart                        Conjuration                  1
   Searing Ray                        Conjuration                  2
   Dazzling Spray                     Conjuration/Hexes            3
   Fulminant Prism                    Conjuration/Hexes            4
   *Iskenderun's Mystic Blast         Conjuration                  4
   *Iskenderun's Battlesphere         Conjuration/Charms           5
 M - a book of Spatial Translocations

   Spells                             Type                      Level
   Apportation                        Translocation                1
   *Blink                             Translocation                2
   Shroud of Golubria                 Charms/Translocation         2
   Portal Projectile                  Translocation                3
   Teleport Other                     Translocation                3
   Passage of Golubria                Translocation                4
 T - a book of Unlife

   Spells                             Type                      Level
   Recall                             Summoning/Translocation      3
   Animate Dead                       Necromancy                   4
   Control Undead                     Necromancy                   4
   Twisted Resurrection               Necromancy                   5
   Death Channel                      Necromancy                   6
   Simulacrum                         Ice/Necromancy               6
Comestibles
 b - 4 bread rations
 f - 3 royal jellies
 h - 4 fruits
 V - a meat ration


   Skills:
 - Level 5.6(4.4) Fighting
 - Level 1.5(0.5) Dodging
 - Level 2.1(1.1) Stealth
 - Level 8.7(7.4) Spellcasting
 + Level 16.5(14.9) Conjurations


You had 15 spell levels left.
You knew the following spells:

 Your Spells              Type           Power        Failure   Level  Hunger
a - Magic Dart            Conj           ####         1%          1    None
b - Iskenderun's Mystic   Conj           ######..     1%          4    ###....
c - Blink                 Tloc           N/A          17%         2    None
d - Iskenderun's Battles  Conj/Chrm      #####...     14%         5    #####..


Dungeon Overview and Level Annotations

Branches:
Dungeon (12/15)            Temple (1/1) D:7            Lair (0/8) D:11
    Orc (0/4) D:9

Altars:
Ashenzari
Cheibriados
Dithmenos
Elyvilon
Fedhas
Gozag
Kikubaaqudgha
Makhleb
Nemelex Xobeh
Okawaru
Qazlal
Ru
Sif Muna
Trog
Vehumet
Xom
Yredelemnul
Zin
The Shining One


Innate Abilities, Weirdness & Mutations

You are resistant to torment.
You are immune to poison.
Your stone body is very resilient (AC +7).
You resist negative energy.
You are resistant to electric shocks.
You can survive without breathing.
You are immune to petrification.
You are immune to rotting.
You cannot drink potions while threatened.
You are missing a hand.
You cannot train your Armour skill.


Message History

The killer bee stings you.
* * * LOW HITPOINT WARNING * * *
The killer bee is slowed in retribution by your will!
The killer bee is stunned by your will and fails to attack.
The killer bee stings you.
* * * LOW HITPOINT WARNING * * *
The killer bee stings you but does no damage. x2
The killer bee is stunned by your will and fails to attack.
Unknown command.
Read which item? (? for menu, Esc to quit)
As you read the scroll labeled AQEGIDW MOQI, it crumbles to dust.
It is a scroll of enchant armour.
Enchant which item? (? for menu, Esc to quit)
Your cursed +0 pair of boots glows green for a moment.
The killer bee buzzes angrily.
The killer bee stings you.
* * * LOW HITPOINT WARNING * * *
The killer bee is stunned by your will and fails to attack.
The killer bee stings you.
You die...

*,...........##..##...
*,........>.(##..##...
*.............†...+...
*.............(...#...
*.................#...
*,................#...
*,.########....(..#...
*,,#..y%.%#..##..##...
*+*#%@yy.%#..##.)##...
*,,#yyy...#......'....
*,,#yyy%..#......#....
*,,#†%...%#..##..####'
*,,#†y....#..###'##...
*,,##†#####..#........
*,,,#y.......#........
**+*##.......#...##...
*,,,#........'...##...


You could see 11 killer bees.

Vanquished Creatures
  An unseen horror (D:11)
  3 hill giants
  A manticore (D:11)
  A yaktaur (D:12)
  A queen bee (D:12)
  A two-headed ogre (D:11)
  A trapdoor spider zombie (D:12)
  2 hippogriffs
  A trapdoor spider (D:12)
  4 yaks (D:11)
  2 deep elf magi
  3 hungry ghosts
  A warg (D:9)
  4 vampire mosquitoes (D:12)
  A water moccasin (D:9)
  2 porcupines (D:11)
  4 ice beasts
  A sky beast (D:8)
  4 black bears
  A phantom (D:12)
  6 ogres
  7 orc warriors
  A big kobold (D:9)
  6 giant frogs
  5 centaurs
  A wyvern zombie (D:9)
  2 scorpions
  3 wights (D:10)
  22 killer bees
  A goliath beetle (D:10)
  5 crimson imps
  9 jellies
  A quasit (D:10)
  2 centaur skeletons
  4 giant frog skeletons
  A giant frog zombie (D:12)
  2 centaur zombies (D:12)
  6 orc priests
  4 hounds
  7 worker ants
  9 orc wizards
  2 iguanas
  A hound skeleton (D:5)
  3 mummies
  2 worker ant zombies
  8 gnolls
  13 adders
  A river rat (D:11)
  A shadow imp (D:11)
  A giant mite (D:9)
  5 worms
  An adder zombie (D:5)
  An adder skeleton (D:8)
  5 giant geckos
  2 oozes
  48 orcs
  13 bats
  9 giant cockroaches
  18 goblins
  20 hobgoblins
  22 jackals
  18 kobolds
  9 quokkas
  3 giant newts
  3 giant spores
  A jackal skeleton (D:7)
  15 rats
  5 ballistomycetes
373 creatures vanquished.

Vanquished Creatures (others)
  A killer bee (D:12)
  An orc wizard (D:9)
  2 orcs
  A giant spore (D:12)
5 creatures vanquished.

Grand Total: 378 creatures vanquished

Notes
Turn   | Place    | Note
--------------------------------------------------------------
     0 | D:1      | inc, the Gargoyle Conjurer, began the quest for the Orb.
     0 | D:1      | Reached XP level 1. HP: 10/10 MP: 3/3
   244 | D:1      | Reached XP level 2. HP: 9/15 MP: 1/5
  1051 | D:1      | Reached XP level 3. HP: 1/19 MP: 0/8
  1497 | D:2      | Found an iron altar of Okawaru.
  1602 | D:2      | Reached XP level 4. HP: 24/24 MP: 7/10
  2281 | D:2      | Reached XP level 5. HP: 24/28 MP: 4/13
  2355 | D:2      | Reached skill level 5 in Conjurations
  2667 | D:2      | Found a sparkling altar of Nemelex Xobeh.
  3805 | D:3      | Reached skill level 6 in Conjurations
  4079 | D:3      | Reached XP level 6. HP: 32/32 MP: 6/15
  4456 | D:4      | HP: 1/32 [ogre/giant club (8)]
  4460 | D:4      | Reached skill level 7 in Conjurations
  5067 | D:4      | Reached skill level 1 in Fighting
  5232 | D:4      | Found a blossoming altar of Fedhas.
  5338 | D:5      | Entered Level 5 of the Dungeon
  5531 | D:5      | Found a deep blue altar of Sif Muna.
  5618 | D:5      | Found a burning altar of Makhleb.
  5622 | D:5      | Got a faintly glowing war axe
  5633 | D:5      | Reached XP level 7. HP: 35/40 MP: 9/17
  5703 | D:5      | Identified the +3 war axe of Ynurhog {vamp, Str+3} (You found it on level 5 of the Dungeon)
  6127 | D:5      | Found a snail-covered altar of Cheibriados.
  6920 | D:6      | Reached skill level 5 in Fighting
  7411 | D:6      | Learned a level 4 spell: Iskenderun's Mystic Blast
  7688 | D:7      | Reached XP level 8. HP: 38/50 MP: 10/18
  7878 | D:7      | Reached skill level 8 in Conjurations
  8031 | D:7      | Found a staircase to the Ecumenical Temple.
  8040 | Temple   | Entered the Ecumenical Temple
  8429 | Temple   | Became a worshipper of Ru the Awakened
  8504 | D:7      | Learned a level 2 spell: Blink
  8719 | D:7      | Got a jewelled war axe
  8914 | D:7      | Identified the cursed +7 war axe "Hauduy" {chop, rF+} (You found it on level 7 of the Dungeon)
  8947 | D:7      | Reached skill level 9 in Conjurations
  9156 | D:7      | Reached skill level 10 in Conjurations
  9383 | D:7      | Reached XP level 9. HP: 54/54 MP: 7/20
 10744 | D:8      | Reached skill level 11 in Conjurations
 10746 | D:8      | Found a stormy altar of Qazlal.
 10761 | D:8      | Gained mutation: You are missing a hand. [Ru sacrifice]
 10761 | D:8      | Acquired Ru's first power
 10761 | D:8      | Acquired Ru's second power
 10761 | D:8      | Acquired Ru's third power
 11578 | D:8      | Reached skill level 12 in Conjurations
 12545 | D:9      | Found a staircase to the Orcish Mines.
 12814 | D:9      | Found a shattered altar of Ashenzari.
 12851 | D:9      | Reached skill level 13 in Conjurations
 13135 | D:8      | Reached XP level 10. HP: 12/60 MP: 12/21
 14004 | D:9      | Reached skill level 14 in Conjurations
 14089 | D:10     | Entered Level 10 of the Dungeon
 14089 | D:10     | Noticed a hill giant
 14190 | D:9      | Gained mutation: You cannot drink potions while threatened. [Ru sacrifice]
 14190 | D:9      | Acquired Ru's fourth power
 14845 | D:10     | Noticed a hill giant
 14852 | D:10     | Killed a hill giant
 15090 | D:10     | Killed a hill giant
 15090 | D:10     | Reached skill level 15 in Conjurations
 15569 | D:10     | Reached skill level 5 in Spellcasting
 15829 | D:10     | Reached XP level 11. HP: 64/64 MP: 15/24
 16006 | D:11     | Found a staircase to the Lair.
 16456 | D:11     | Noticed a hill giant
 16468 | D:11     | HP: 2/64 [hill giant/giant spiked club (25)]
 17196 | D:11     | Noticed an unseen horror
 17207 | D:11     | Killed an unseen horror
 17414 | D:11     | Gained mutation: You cannot train your Armour skill. [Ru sacrifice]
 17414 | D:11     | Acquired Ru's fifth power
 17699 | D:11     | Killed a hill giant
 17977 | D:11     | Learned a level 5 spell: Iskenderun's Battlesphere
 19011 | D:12     | Reached skill level 16 in Conjurations
 19352 | D:12     | HP: 3/64 [killer bee (2)]
 19352 | D:12     | Slain by a killer bee

Action                   |  1- 3 |  4- 6 |  7- 9 | 10-12 || total
-------------------------+-------+-------+-------+-------++-------
Melee: Unarmed           |    13 |       |       |       ||    13
       Club              |    12 |       |       |       ||    12
       Whip              |       |    23 |       |       ||    23
       Mace              |       |     2 |       |       ||     2
       War axe           |       |       |    62 |   134 ||   196
 Cast: Magic Dart        |    58 |   266 |   300 |   161 ||   785
       Iskenderun's Myst |       |       |    43 |   130 ||   173
Invok: Sacrifice a Hand  |       |       |     1 |       ||     1
       Sacrifice Drink   |       |       |       |     1 ||     1
       Power Leap        |       |       |       |     1 ||     1
       Apocalypse        |       |       |       |     1 ||     1
       Sacrifice Durabil |       |       |       |     1 ||     1
  Use: Potion            |     2 |       |       |       ||     2
       Scroll            |       |     6 |     6 |     5 ||    17
 Stab: Distracted        |       |       |       |     1 ||     1
       Paralysed         |       |       |       |     1 ||     1
  Eat: Chunk             |     2 |    12 |    17 |    29 ||    60
       Meat ration       |       |       |     3 |     1 ||     4
       Beef jerky        |       |       |     1 |       ||     1
       Fruit             |       |       |     1 |       ||     1
       Bread ration      |       |       |       |     1 ||     1
